 Dungeon Crawl Stone Soup version 0.32-a0-163-g159c032296 (webtiles) character file.

Game seed: 7467930975452301592

21962 CraigForest the Fencer (level 12, -12/112 HPs)
             Began as a Minotaur Gladiator on Feb 12, 2024.
             Was a High Priest of Nemelex Xobeh.
             Mangled by a komodo dragon (20 damage)
             ... on level 2 of the Lair of Beasts.
             The game lasted 00:57:01 (12358 turns).

CraigForest the Fencer (Minotaur Gladiator)        Turns: 12358, Time: 00:57:02

Health: -12/112    AC: 15    Str: 20    XL:     12   Next: 58%
Magic:  12/12      EV: 28    Int:  5    God:    Nemelex Xobeh [*****.]
Gold:   695        SH:  0    Dex: 23    Spells: 11/11 levels left

rFire   + . .        H - +6 long sword of the Five Knives {flame, ^Contam rF+ Dex+7}
rCold   + . .        (no shield)
rNeg    . . .        f - +0 acid dragon scales
rPois   .            c - +0 hat
rElec   .            (no cloak)
rCorr   +            t - +1 pair of gloves
SInv    .            K - +2 pair of boots {Fly}
Will    .....        Q - amulet of regeneration
Stlth   ++           l - +5 ring of evasion
HPRegen 1.18/turn    r - +5 ring of evasion
MPRegen 0.13/turn

%: no passive effects
@: flying
A: horns 2, retaliatory headbutt, talons 1, cold resistance 1, MP-powered wands
a: Renounce Religion, Draw Escape, Draw Destruction, Draw Summoning, Triple
Draw, Deal Four, Stack Five


You were on level 2 of the Lair of Beasts.
You worshipped Nemelex Xobeh.
Nemelex Xobeh was extremely pleased with you.
You visited 2 branches of the dungeon, and saw 12 of its levels.
You also visited: Sewer and Bailey.

You collected 695 gold pieces.

Inventory:

Hand Weapons
 H - the +6 long sword of the Five Knives (weapon) {flame, ^Contam rF+ Dex+7}
   (You found it on level 5 of the Dungeon)

   Dex+7:     It affects your dexterity (+7).
   rF+:       It protects you from fire.
   ^Contam:   It causes magical contamination when unequipped.
 X - a +4 great sword of freezing
Missiles
 d - 10 throwing nets
Armour
 b - a +0 pair of boots of flying
 c - a +0 hat (worn)
 f - +0 acid dragon scales (worn)
 o - a +0 buckler
 t - a +1 pair of gloves (worn)
 z - a +0 scale mail
 K - a +2 pair of boots of flying (worn)
 R - the +0 chain mail "Peinuq" {Dex+3}
   (You found it on level 9 of the Dungeon)

   Dex+3:     It affects your dexterity (+3).
Jewellery
 j - a +4 ring of protection
 l - a +5 ring of evasion (left hand)
 r - a +5 ring of evasion (right hand)
 s - a ring of willpower
 v - an amulet of the acrobat
 A - a ring of fire
 F - a +4 ring of protection
 M - a ring of fire
 P - an amulet of magic regeneration
 Q - an amulet of regeneration (around neck)
 Y - a ring of fire
Wands
 y - a wand of charming (19)
 B - a wand of iceblast (7)
 L - a wand of flame (13)
 Z - a wand of polymorph (3)
Scrolls
 a - a scroll of enchant weapon
 e - a scroll of brand weapon {unknown}
 g - a scroll of vulnerability {unknown}
 h - 5 scrolls of fear
 i - 3 scrolls of blinking
 k - 2 scrolls of poison
 u - a scroll of noise {unknown}
 w - a scroll of enchant armour {unknown}
 x - a scroll of identify
 C - 2 scrolls of amnesia
 D - a scroll of torment
 G - a scroll of immolation {unknown}
 I - 2 scrolls of teleportation
 S - 2 scrolls of revelation
Potions
 m - 4 potions of brilliance
 n - 3 potions of curing
 p - 5 potions of enlightenment
 q - 4 potions of might
 E - 3 potions of heal wounds
 J - 6 potions of resistance
 N - 4 potions of mutation
 O - a potion of lignification
 T - 2 potions of invisibility
 U - 3 potions of cancellation
 V - 5 potions of haste
 W - 2 potions of magic


   Skills:
 + Level 11.8 Fighting
 + Level 16.3 Long Blades
 + Level 2.0 Throwing
 + Level 12.4 Armour
 + Level 8.5 Dodging
 + Level 2.7 Stealth
 + Level 2.2 Invocations


You had 11 spell levels left.
You didn't know any spells.
Your spell library contained the following spells:

 Spells                   Type           Power      Damage    Failure   Level
 Necrotise                Necr           0%         1d4       54%         1
 Sting                    Conj/Alch      0%         1d3       54%         1
 Cigotuvi's Dreadful Rot  Necr/Alch/Air  0%         N/A       67%         2
 Ensorcelled Hibernation  Hex/Ice        0%         N/A       67%         2
 Mercury Vapours          Alch/Air       0%         N/A       67%         2
 Hailstorm                Conj/Ice       0%         3d5       88%         3
 Inner Flame              Hex/Fire       0%         N/A       88%         3
 Passwall                 Erth           0%         N/A       88%         3
 Summon Ice Beast         Ice/Summ       0%         N/A       88%         3
 Swiftness                Air            0%         N/A       88%         3
 Vampiric Draining        Necr           0%         2d6       88%         3
 Flame Wave               Conj/Fire      0%         2d4       99%         4
 Ignite Poison            Fire/Alch      0%         N/A       99%         4
 Martyr's Knell           Necr/Summ      0%         N/A       99%         4
 Olgreb's Toxic Radiance  Alch           0%         N/A       99%         4
 Sticky Flame             Fire/Alch      0%         2d4       99%         4
 Curse of Agony           Necr           0%         N/A       100%        5
 Freezing Cloud           Conj/Ice/Air   0%         6-21      100%        5
 Sculpt Simulacrum        Ice/Alch       0%         N/A       100%        6


Dungeon Overview and Level Annotations

Branches:
Dungeon (10/15)            Temple (0/1) D:6            Lair (2/5) D:10
  Snake (0/4) Lair:2        Sewer (visited)          Bailey (visited)
  Swamp: Lair:2-3    Shoals: Lair:2-3       Orc: D:9-12

Altars:
Fedhas
Nemelex Xobeh
Trog

Shops:
D:8 (


Innate Abilities, Weirdness & Mutations

You have a pair of horns on your head.
You reflexively headbutt those who attack you in melee.
You have sharp toenails.
Your flesh is cold resistant. (rC+)
You expend magic power (3 MP) to strengthen your wands.


Message History

You are too injured to fight recklessly!
You are too injured to fight recklessly!
You are too injured to fight recklessly!
You are too injured to fight recklessly!
You are too injured to fight recklessly!
You are too injured to fight recklessly!
You are too injured to fight recklessly!
You are too injured to fight recklessly!
You are too injured to fight recklessly!
You are too injured to fight recklessly!
You are too injured to fight recklessly!
You are too injured to fight recklessly!
Unknown command.
You slash the water moccasin! You burn the water moccasin.
Your headbutt misses the water moccasin.
The water moccasin is severely wounded.
The cane toad completely misses you. You furiously retaliate!
You headbutt the cane toad. The komodo dragon barely misses you.
The water moccasin barely misses you.
You slash the water moccasin! You burn the water moccasin.
You kill the water moccasin!
The cane toad stings you! The komodo dragon bites you!
* * * LOW HITPOINT WARNING * * *
You hit the komodo dragon but do no damage.
The komodo dragon is severely wounded.
The cane toad misses you.
You hit the komodo dragon. You burn the komodo dragon.
You headbutt the komodo dragon, but do no damage.
The komodo dragon is severely wounded.
The komodo dragon misses you. The cane toad closely misses you.
You furiously retaliate!
You headbutt the cane toad.
You hit the komodo dragon but do no damage.
The komodo dragon is severely wounded.
The komodo dragon bites you!!
* * * LOW HITPOINT WARNING * * *
You hit the komodo dragon. You burn the komodo dragon.
The komodo dragon is almost dead.
The cane toad barely misses you. The komodo dragon bites you!!
You die...
Your body glows slightly and disappears.

.........###...).................
....#....#..................#....
....##................#..........
.#..#............................
..#.....##..#P...................
.##...#............#.............
......#P..........#..............
>#.##.##.........#...............
..## ...........@................
.## ..........Fl†...............
..# ...........................
.### ##..........................
...##P...........................
.#...... ........................
........ ........................
.#...... ........................
........ ............


You could see a komodo dragon and a cane toad.

Vanquished Creatures
  A hydra (Lair:2)
  Harold (Lair:2)
  A glowing orange brain (D:9)
  3 ugly things (D:9)
  An oklob plant (Lair:2)
  5 cane toads
  The ghost of Oneirical the Scratcher, a novice FeWr of Elyvilon (D:6)
  2 rime drakes (Lair:2)
  2 komodo dragons
  A troll (shapeshifter) (D:9)
  A troll (D:10)
  A polar bear (Lair:2)
  A hornet (D:8)
  3 blink frogs (Lair:2)
  Grinder (D:3)
  A shadow (D:10)
  Sigmund (D:6)
  2 wraiths (D:10)
  A yak (shapeshifter) (D:9)
  3 wyverns
  A vampire (D:10)
  18 yaks
  3 basilisks
  2 neqoxecs (D:9)
  2 steam dragons
  3 vampire mosquitoes (D:10)
  2 acid dragons (D:10)
  Duvessa (D:5)
  8 water moccasins
  2 orc warriors
  2 ice beasts
  2 sky beasts
  2 ogres (D:5)
  3 black bears
  2 centaurs
  5 kobold brigands
  11 bullfrogs
  2 gnoll sergeants (D:9)
  2 scorpions
  19 wights
  22 killer bees
  Dowan (D:5)
  A bombardier beetle (D:5)
  4 jellies
  2 hounds (D:5)
  4 orc priests
  3 sleepcaps
  Ijyb (D:4)
  2 gnoll boudas
  6 iguanas
  6 orc wizards
  Natasha (thrice) (D:3)
  Robin (D:2)
  13 adders
  25 gnolls
  A white imp (D:8)
  12 dart slugs
  A ribbon worm (D:2)
  25 orcs
  17 ball pythons
  2 bats
  7 endoplasms
  8 giant cockroaches
  14 goblins
  5 hobgoblins
  26 kobolds
  6 quokkas
  8 frilled lizards
  5 rats
356 creatures vanquished.

Vanquished Creatures (collateral kills)
  The ghost of jasper the Fighter, a novice DEAl of Jiyva (D:9)
  An orc knight (Bailey)
  2 ugly things (D:9)
  A tarantella (shapeshifter) (D:9)
  A hog (shapeshifter) (D:9)
  2 orcs (Bailey)
8 creatures vanquished.

Grand Total: 364 creatures vanquished

Notes
Turn   | Place    | Note
-------+----------+-------------------------------------------
     0 | D:1      | CraigForest the Minotaur Gladiator began the quest for the
                  | Orb.
     0 | D:1      | Reached XP level 1. HP: 18/18 MP: 0/0
   502 | D:1      | Reached skill level 4 in Long Blades
   502 | D:1      | Reached XP level 2. HP: 25/25 MP: 1/1
  1365 | D:2      | Reached XP level 3. HP: 25/30 MP: 2/2
  1463 | D:2      | Noticed Robin
  1477 | D:2      | Gained mutation: You are clumsy. (Dex -2) [potion of
                  | mutation]
  1477 | D:2      | Gained mutation: Your magical capacity is low. (-10% MP)
                  | [potion of mutation]
  1477 | D:2      | Gained mutation: You are frail. (-10% HP) [potion of
                  | mutation]
  1477 | D:2      | Gained mutation: You are somewhat resistant to further
                  | mutation. [potion of mutation]
  1487 | D:2      | Reached skill level 1 in Armour
  1489 | D:2      | Killed Robin
  1651 | D:2      | Reached XP level 4. HP: 34/34 MP: 2/2
  1738 | D:2      | Reached skill level 5 in Long Blades
  2047 | D:3      | Found a sparkling altar of Nemelex Xobeh.
  2051 | D:3      | Became a worshipper of Nemelex Xobeh the Trickster
  2384 | D:3      | Noticed a scorpion
  2391 | D:3      | Killed a scorpion
  2392 | D:3      | Reached XP level 5. HP: 40/40 MP: 3/3
  2466 | D:3      | Found a faded altar of an unknown god.
  2535 | D:3      | Noticed Grinder
  2543 | D:3      | Paralysed by Grinder for 3 turns
  2547 | D:3      | Killed Grinder
  2548 | D:3      | Reached skill level 6 in Long Blades
  2548 | D:3      | Reached XP level 6. HP: 27/46 MP: 4/4
  2787 | D:4      | Noticed Natasha
  2805 | D:3      | Killed Natasha
  3000 | D:3      | Noticed Natasha
  3004 | D:3      | Killed Natasha
  3341 | D:3      | Noticed Natasha
  3348 | D:3      | Killed Natasha
  3349 | D:3      | Reached skill level 1 in Stealth
  3384 | D:4      | Noticed Ijyb
  3425 | D:4      | Killed Ijyb
  3503 | D:4      | Reached skill level 7 in Long Blades
  3503 | D:4      | Reached XP level 7. HP: 31/53 MP: 5/5
  3620 | D:4      | Lost mutation: You are frail. (-10% HP) [potion of
                  | mutation]
  3620 | D:4      | Lost mutation: You are clumsy. (Dex -2) [potion of
                  | mutation]
  3804 | D:4      | Reached * piety under Nemelex Xobeh
  3937 | D:5      | Entered Level 5 of the Dungeon
  3954 | D:5      | Identified the +6 long sword of the Five Knives {flame,
                  | ^Contam rF+ Dex+7}
  3984 | D:5      | Noticed Dowan
  3985 | D:5      | Noticed Duvessa
  3998 | D:5      | Killed Duvessa
  4000 | D:5      | Killed Dowan
  4158 | D:5      | Received a gift from Nemelex Xobeh
  4174 | D:5      | Reached skill level 5 in Dodging
  4192 | D:5      | Reached skill level 8 in Long Blades
  4192 | D:5      | Reached skill level 5 in Armour
  4257 | D:5      | Reached XP level 8. HP: 67/67 MP: 6/6
  4414 | D:5      | Reached skill level 5 in Fighting
  4441 | D:5      | You fall into a shaft and drop 1 floor!
  4473 | D:6      | Reached skill level 9 in Long Blades
  4475 | D:6      | Noticed Sigmund
  4493 | D:6      | Killed Sigmund
  4520 | D:6      | Found a glowing drain.
  4541 | Sewer    | Entered a sewer
  4761 | Sewer    | Lost mutation: Your magical capacity is low. (-10% MP)
                  | [potion of mutation]
  4761 | Sewer    | Lost mutation: You are somewhat resistant to further
                  | mutation. [potion of mutation]
  4761 | Sewer    | Gained mutation: You have sharp toenails. [potion of
                  | mutation]
  4761 | Sewer    | Gained mutation: Your flesh is cold resistant. (rC+)
                  | [potion of mutation]
  4761 | Sewer    | Gained mutation: You expend magic power (3 MP) to
                  | strengthen your wands. [potion of mutation]
  4955 | D:5      | Reached skill level 10 in Long Blades
  5222 | D:5      | Reached ** piety under Nemelex Xobeh
  5406 | D:6      | Received a gift from Nemelex Xobeh
  5504 | D:6      | Reached XP level 9. HP: 75/75 MP: 8/8
  5512 | D:6      | Found a runed translucent door.
  5514 | D:6      | Noticed Oneirical's ghost (novice FeWr)
  5531 | D:6      | Killed Oneirical's ghost
  5750 | D:6      | Found a staircase to the Ecumenical Temple.
  5777 | D:6      | Reached skill level 11 in Long Blades
  5806 | D:6      | Received a gift from Nemelex Xobeh
  6255 | D:7      | Reached skill level 12 in Long Blades
  6312 | D:7      | Reached *** piety under Nemelex Xobeh
  6676 | D:7      | Reached XP level 10. HP: 80/86 MP: 9/9
  6848 | D:7      | Received a gift from Nemelex Xobeh
  7198 | D:8      | Found Qarodgh's Weapon Shoppe.
  7254 | D:8      | Reached skill level 13 in Long Blades
  7352 | D:8      | Received a gift from Nemelex Xobeh
  7710 | D:9      | Reached **** piety under Nemelex Xobeh
  7914 | D:9      | Identified the +0 chain mail "Peinuq" {Dex+3}
  7995 | D:9      | Found a flagged portal.
  8008 | Bailey   | Entered a bailey
  8223 | Bailey   | Noticed an orc knight
  8231 | Bailey   | Killed an orc knight
  8410 | D:9      | Reached skill level 14 in Long Blades
  8487 | D:9      | Found a runed translucent gate.
  8487 | D:9      | Found a runed translucent gate.
  8487 | D:9      | Found a runed translucent gate.
  8487 | D:9      | Noticed a red ugly thing
  8487 | D:9      | Noticed a brown ugly thing
  8487 | D:9      | Noticed a brown ugly thing
  8487 | D:9      | Noticed a glowing orange brain
  8488 | D:9      | Noticed a red ugly thing
  8488 | D:9      | Noticed a white ugly thing
  8878 | D:9      | Killed a white ugly thing
  8879 | D:9      | Killed a red ugly thing
  8880 | D:9      | Killed a glowing orange brain
  8881 | D:9      | Reached XP level 11. HP: 54/95 MP: 7/10
  8883 | D:9      | Killed a white ugly thing
  8885 | D:9      | Killed a purple ugly thing
  8888 | D:9      | Found a runed translucent gate.
  8888 | D:9      | Found a runed translucent gate.
  8890 | D:9      | Killed a red ugly thing
  8891 | D:9      | Reached skill level 15 in Long Blades
  8893 | D:9      | Found a runed translucent gate.
  8895 | D:9      | Noticed jasper's ghost (novice DEAl)
  8930 | D:9      | a raiju changed into a harpy
  8930 | D:9      | Noticed a harpy (shapeshifter)
  8943 | D:9      | a harpy changed into a meliai
  8947 | D:9      | a human changed into a harpy
  8947 | D:9      | Noticed a harpy (shapeshifter)
  8966 | D:9      | a harpy changed into a golden eye
  8988 | D:9      | a hornet changed into an entropy weaver
  8988 | D:9      | Noticed an entropy weaver (shapeshifter)
  9002 | D:9      | a human changed into an entropy weaver
  9002 | D:9      | Noticed an entropy weaver (shapeshifter)
  9008 | D:9      | an entropy weaver changed into a polar bear
  9015 | D:9      | a spriggan changed into a sun moth
  9015 | D:9      | Noticed a sun moth (shapeshifter)
  9016 | D:9      | an entropy weaver changed into a sky beast
  9022 | D:9      | a sun moth changed into an endoplasm
  9055 | D:9      | Killed jasper's ghost
  9056 | D:9      | Reached skill level 1 in Invocations
  9064 | D:9      | Reached skill level 10 in Armour
  9485 | D:10     | Entered Level 10 of the Dungeon
  9509 | D:10     | Found a staircase to the Lair.
  9701 | D:10     | Received a gift from Nemelex Xobeh
  9712 | D:10     | Found a bloodstained altar of Trog.
 10082 | D:10     | Reached skill level 10 in Fighting
 10359 | Lair:1   | Entered Level 1 of the Lair of Beasts
 10461 | Lair:1   | Reached ***** piety under Nemelex Xobeh
 10548 | Lair:1   | Reached XP level 12. HP: 98/107 MP: 12/12
 11276 | Lair:2   | Noticed a seven-headed hydra
 11283 | Lair:2   | Killed a four-headed hydra
 11323 | Lair:2   | Received a gift from Nemelex Xobeh
 11342 | Lair:2   | Reached skill level 16 in Long Blades
 11362 | Lair:2   | Noticed Harold
 11398 | Lair:2   | Killed Harold
 11654 | Lair:2   | Received a gift from Nemelex Xobeh
 11655 | Lair:2   | Found a blossoming altar of Fedhas.
 12155 | Lair:2   | Found a staircase to the Snake Pit.
 12341 | Lair:2   | Received a gift from Nemelex Xobeh
 12358 | Lair:2   | Mangled by a komodo dragon

Illustrated notes

Levels and vault maps discovered:
D:1:      kennysheep_arrival_forest, layout_basic,
          chequers_serial_rivers_large_b, chequers_serial_rivers_room_a,
          chequers_serial_rivers_micro_e
D:2:      layout_loops_ring, minmay_split_cup_small, uniq_robin
D:3:      layout_basic, nemelex_diamond_rough_becter, serial_bayou,
          serial_bayou_shore_a, serial_bayou_ford_a, serial_bayou_pond_c,
          serial_bayou_lagoon_a, serial_bayou_crossing, serial_bayou_pond_d,
          ebering_ecumenical_altar_mist, uniq_grinder
D:4:      layout_rooms, uniq_natasha, uniq_ijyb
D:5:      layout_basic, uniq_duvessa
D:6:      layout_loops_corners, minmay_temple_entry_hall, gup_sewer_entry_glass,
          ebering_ghost_sewer_d, minmay_misc_feat_cross,
          minmay_unpleasant_kobolds, uniq_sigmund
D:7:      layout_rooms
D:8:      layout_loops_ring, serial_shops, shop, dreamdust_wishing_well
D:9:      layout_long_grid, enter_bailey_5,
          ploomutoo_gammafunk_ghost_potion_laboratory, grunt_ministairs_6
D:10:     layout_irregular_city, mainiacjoe_overflow_small_starburst,
          minmay_lair_entry_grove, st_stairs_9
Lair:1:   layout_loops_ring
Lair:2:   layout_cave_shapes, dummy_snake_entry, st_stairs_13, tgw_fedhas,
          grunt_megastairs_1, uniq_harold

Skill      XL: |  1  2  3  4  5  6  7  8  9 10 11 12 |
---------------+-------------------------------------+-----
Long Blades    | 4 5 6 7 8 10 12 14 15 16 | 16.3
Fighting       | 3 4 5 7 8 10 11 | 11.8
Armour         | 1 2 3 5 6 7 9 11 12 | 12.4
Dodging        | 4 5 6 7 8 |  8.5
Stealth        | 1 2 |  2.7
Invocations    | 2 |  2.2
Throwing       | |  2.0

Action                     |  1- 3 |  4- 6 |  7- 9 | 10-12 || total
---------------------------+-------+-------+-------+-------++-------
  Melee: Long sword        |    71 |   134 |   183 |   632 ||  1020
         Headbutt          |    16 |    30 |    62 |   211 ||   319
         Punch             |       |     3 |     5 |    13 ||    21
         Falchion          |       |       |    98 |       ||    98
         Kick              |       |       |    14 |       ||    14
 Invoke: Draw Destruction  |       |       |     3 |     2 ||     5
         Draw Summoning    |       |       |       |     3 ||     3
         Triple Draw       |       |       |       |     1 ||     1
    Use: Scroll            |     3 |     1 |     4 |    10 ||    18
         Potion            |     3 |       |     2 |     1 ||     6
   Stab: Sleeping          |     1 |       |       |       ||     1
         Distracted        |       |       |       |     1 ||     1
         Petrified         |       |       |       |     1 ||     1
 Armour: Leather armour    |    43 |    13 |       |       ||    56
         Ring mail         |       |    19 |       |       ||    19
         Scale mail        |       |     2 |    95 |    19 ||   116
         Chain mail        |       |       |       |   114 ||   114
         Acid dragon scale |       |       |       |    11 ||    11
  Dodge: Dodged            |    53 |    96 |   309 |   460 ||   918

Table legend: (Time is in decaauts)
 A = Elapsed time spent in this place.
 B = Non-inter-level travel time spent in this place.
 C = Inter-level travel time spent in this place.
 D = Time resting spent in this place.
 E = Time spent auto-exploring this place.
 F = Levels seen in this place.
 G = Mean time per level.
                   A        B        C        D        E       F      G
               +--------+--------+--------+--------+--------+-----+--------+
         Total |  12359 |  12049 |    310 |   1100 |   7095 |  14 |  882.8 |
       Dungeon |   9761 |   9456 |    305 |   1100 |   5884 |  10 |  976.1 |
          Lair |   1880 |   1876 |      4 |      0 |   1041 |   2 |  940.0 |
         Sewer |    438 |    438 |      0 |      0 |    170 |   1 |  438.0 |
        Bailey |    279 |    279 |      0 |      0 |      0 |   1 |  279.0 |
               +--------+--------+--------+--------+--------+-----+--------+

Top non-repeatable levels by time:
     D:9: 1521 daAuts
     D:3: 1412 daAuts
     D:1: 1359 daAuts
  Lair:2: 1180 daAuts
     D:6: 1050 daAuts
     D:5: 896 daAuts
    D:10: 860 daAuts
     D:7: 768 daAuts
  Lair:1: 699 daAuts
     D:2: 689 daAuts
     D:8: 620 daAuts
     D:4: 582 daAuts
   Sewer: 438 daAuts
  Bailey: 279 daAuts
